 Dungeon Sprint DCSS version 0.30-a0-1008-g30c9307041 (webtiles) character file.

Game seed: 14335866871888698533

96 PLAYERX the Fighter (level 6, -2/66 HPs)
             Began as a Minotaur Monk on Apr 5, 2023.
             Was an Elder of Makhleb.
             Succumbed to a kobold brigand's poison
             ... in the Dungeon (Sprint VI: "Thunderdome").
             The game lasted 00:15:34 (605 turns).

PLAYERX the Fighter (Minotaur Monk)                  Turns: 605, Time: 00:15:35

Health: -2/66      AC:  5    Str: 17    XL:     6   Next: 91%
Magic:  6/6        EV: 14    Int:  7    God:    Makhleb [****..]
Gold:   340        SH:  0    Dex: 13    Spells: 5/5 levels left

rFire   . . .      SeeInvis .    a - +2 halberd (venom)
rCold   . . .      Faith    .    (shield currently unavailable)
rNeg    . . .      Spirit   .    b - +0 ring mail
rPois   .          Reflect  .    (helmet restricted)
rElec   .          Rampage  .    (no cloak)
rCorr   .          NoTele   +    (no gloves)
Will    .....                    (no boots)
Stlth   ++                       (no amulet)
HPRegen 0.31/turn                (no ring)
MPRegen 0.10/turn                (no ring)

@: lethally poisoned (-2 -> -31)
A: horns 2, retaliatory headbutt
a: Renounce Religion, Minor Destruction, Lesser Servant of Makhleb, Major
Destruction


You were in the Dungeon.
You worshipped Makhleb.
Makhleb was greatly pleased with you.
You visited 1 branch You collected 340 gold pieces.

Inventory:

Hand Weapons
 a - a +2 halberd of venom (weapon)
Armour
 b - a +0 ring mail (worn)
Wands
 j - a wand of iceblast (5)
 k - a wand of light (5)
Scrolls
 i - 4 scrolls of blinking
 l - 3 scrolls of fog
Potions
 c - a potion of ambrosia
 e - 2 potions of heal wounds
 f - 4 potions of haste
 g - 2 potions of magic
 h - a potion of berserk rage


   Skills:
 + Level 9.7 Fighting
 + Level 9.1(9.8) Axes
 + Level 5.5(8.1) Polearms
 + Level 1.3 Armour
 + Level 9.6 Dodging
 + Level 3.7 Stealth
 + Level 2.4 Invocations


You had 5 spell levels left.
You didn't know any spells.
Your spell library was empty.

Dungeon Overview and Level Annotations

Branches:
Dungeon (1/1)

Altars:
Cheibriados
Dithmenos
Fedhas
Gozag
Kikubaaqudgha
Makhleb
Okawaru
Qazlal
Ru
Sif Muna
Trog
Uskayaw
Vehumet
Wu Jian
Xom
Yredelemnul
Zin
The Shining One
Lugonu

Shops:
D *[??*?*:[((!!!!

Annotations:
D Sonja


Innate Abilities, Weirdness & Mutations

You have a pair of horns on your head.
You reflexively headbutt those who attack you in melee.


Message History

The poisoned dart closely misses you.
You are too injured to fight recklessly!
Reach: a) +2 halberd (venom)
Press: ? - help, Dir - move target, f/p - Sonja
Aim: Sonja, wielding a +0 dagger of distortion, quivering curare-tipped darts and carrying a wand of light (9) (about 84% to evade your +2 halberd of venom)
You reach to attack!
You slash Sonja!
Sonja is poisoned.
Sonja is moderately wounded.
Sonja zaps a wand.
The bolt of light misses you. The bolt of light hits your neqoxec!
Your neqoxec dies!
Your neqoxec disappears in a puff of smoke!
Your ynoxinul gestures.
The kobold brigand throws a poisoned dart.
The poisoned dart hits you!
You are poisoned.
The kobold hits your neqoxec but does no damage.
The kobold brigand throws a poisoned dart.
The poisoned dart hits you!
You are more poisoned.
You completely miss Sonja. Your headbutt misses Sonja.
Sonja is moderately wounded.
You feel very sick.
Sonja hits you with a +0 dagger of distortion.
Space warps horribly around you!!
* * * LOW HITPOINT WARNING * * *
Sonja closely misses you. Sonja completely misses you.
Your neqoxec hits the kobold!
The kobold dies!
Makhleb accepts your kill.
The kobold brigand throws a poisoned dart.
The poisoned dart hits you!
You are more poisoned.
The kobold brigand throws a poisoned dart.
The poisoned dart hits you!
You are more poisoned.
The kobold brigand throws a curare-tipped dart.
The curare-tipped dart hits your ynoxinul.
You completely miss Sonja.
Sonja is moderately wounded.
You die...

######.8.........8.#####
##.___......###......_._∩
###∩........8.# #.8........
##.............###..........
#⌠..........###...###.......
#⌠..........# #.<.# #.......
#⌠..........###K..###.......
##....)3...K.3.###..........
###∩......@§8.# #.8........
##∩_._..5...###......___∩
######58....K....8.#####
#)...........⌠#
###...K.....### #_......._#
#_........# #_......._#
#∩.......∩#


You could see Sonja (very poisoned), 3 kobold brigands, a friendly neqoxec
(summoned), a friendly ynoxinul (summoned) and 2 friendly ufetubi.

Vanquished Creatures
  3 ice beasts (D)
  Blork the orc (D)
  A crimson imp (D)
  2 quasits (D)
  An orc priest (D)
  An ufetubus (D)
  2 adder simulacra (D)
  4 orcs (D)
  A bat simulacrum (D)
  A kobold (D)
17 creatures vanquished.

Vanquished Creatures (collateral kills)
  A kobold (D)
1 creature vanquished.

Grand Total: 18 creatures vanquished

Notes
Turn   | Place    | Note
-------+----------+-------------------------------------------
     0 | D        | PLAYERX the Minotaur Monk began the quest for the Orb.
     0 | D        | Reached XP level 1. HP: 19/19 MP: 0/0
     1 | D        | Found an ancient bone altar of Kikubaaqudgha.
     1 | D        | Found a radiant altar of Vehumet.
     2 | D        | Found a snail-covered altar of Cheibriados.
     3 | D        | Found a blossoming altar of Fedhas.
     4 | D        | Found a glowing silver altar of Zin.
     4 | D        | Found a stormy altar of Qazlal.
     4 | D        | Found Gethoeng's Staff Store.
     4 | D        | Found Wuim's Magic Scroll Shop.
     5 | D        | Found an opulent altar of Gozag.
     5 | D        | Found Edwue's Must-Have Magic.
     5 | D        | Found Colac's Magic Scroll Shop.
     5 | D        | Round 1.
    23 | D        | Found a corrupted altar of Lugonu.
    27 | D        | Found a shimmering altar of Xom.
    27 | D        | Found a bloodstained altar of Trog.
    27 | D        | Found Meecyv's Jewellery.
    28 | D        | Found Anu Xisybb's Advanced Armour.
    29 | D        | Found a glowing golden altar of the Shining One.
    29 | D        | Found a basalt altar of Yredelemnul.
    29 | D        | Found Exoblog's Identification Station.
    44 | D        | Found a hide-covered altar of Uskayaw.
    46 | D        | Found a shadowy altar of Dithmenos.
    47 | D        | Found Poedebb's Premium Goods.
    49 | D        | Found Semmac's Miscellaneous Merchandise.
    49 | D        | Found Oweahis's Basic Armour.
    50 | D        | Found a sacrificial altar of Ru.
    50 | D        | Found an ornate altar of the Wu Jian Council.
    50 | D        | Found Ytipinka's Weapon Rack.
    60 | D        | Found a burning altar of Makhleb.
    61 | D        | Found a shimmering blue altar of Sif Muna.
    63 | D        | Found an iron altar of Okawaru.
    65 | D        | Found Jimpeas's Do-It-Yourself Clinic.
    67 | D        | Found Uvaasep's Distillery.
    68 | D        | Found Ramon's Bottled Wisdom.
    68 | D        | Found Dito's Distillery.
    94 | D        | Noticed a crimson imp
   111 | D        | Killed a crimson imp
   112 | D        | Reached skill level 5 in Fighting
   112 | D        | Reached skill level 5 in Axes
   112 | D        | Reached skill level 5 in Dodging
   112 | D        | Reached XP level 2. HP: 18/29 MP: 1/1
   112 | D        | Reached XP level 3. HP: 22/36 MP: 2/2
   140 | D        | Reached XP level 4. HP: 27/44 MP: 3/3
   165 | D        | Became a worshipper of Makhleb the Destroyer
   165 | D        | Reached * piety under Makhleb
   165 | D        | Reached ** piety under Makhleb
   193 | D        | Arena points: 5 (+5) [x1]
   208 | D        | Round 2.
   210 | D        | Noticed Blork the orc
   224 | D        | Killed Blork the orc
   225 | D        | Reached skill level 1 in Invocations
   225 | D        | Reached XP level 5. HP: 27/53 MP: 4/4
   326 | D        | Reached skill level 1 in Polearms
   327 | D        | Reached *** piety under Makhleb
   332 | D        | Arena points: 33 (+28) [x2]
   408 | D        | Round 3.
   487 | D        | Noticed an ice beast
   489 | D        | Killed an ice beast
   489 | D        | Reached **** piety under Makhleb
   490 | D        | Reached XP level 6. HP: 62/62 MP: 6/6
   500 | D        | Noticed an ice beast
   515 | D        | Killed an ice beast
   516 | D        | Reached skill level 1 in Armour
   532 | D        | Noticed an ice beast
   539 | D        | Killed an ice beast
   539 | D        | Arena points: 96 (+63) [x3]
   540 | D        | Reached skill level 5 in Polearms
   595 | D        | Round 4.
   596 | D        | Reached ***** piety under Makhleb
   598 | D        | Noticed Sonja
   605 | D        | Succumbed to a kobold brigand's poison

Illustrated notes

Levels and vault maps discovered:
D:        arena_sprint

Skill      XL: |  1  2  3  4  5  6 |
---------------+-------------------+-----
Fighting       | 5 6 7 8 9 |  9.7
Axes           | 5 6 8 9 |  9.1
Dodging        | 5 6 7 8 9 |  9.6
Stealth        | 2 3 |  3.7
Invocations    | 1 2 |  2.4
Polearms       | 3 5 |  5.5
Armour         | 1 |  1.3

Action                     |  1- 3 |  4- 6 || total
---------------------------+-------+-------++-------
  Melee: Hand axe          |    17 |    11 ||    28
         Headbutt          |     2 |     5 ||     7
         Halberd           |       |    31 ||    31
 Invoke: Minor Destruction |       |     4 ||     4
         Lesser Servant of |       |     3 ||     3
         Major Destruction |       |     1 ||     1
    Use: Potion            |       |     4 ||     4
   Stab: Distracted        |       |     1 ||     1
 Armour: Robe              |     4 |     1 ||     5
         Ring mail         |       |     3 ||     3
  Dodge: Dodged            |    15 |    37 ||    52

Table legend: (Time is in decaauts)
 A = Elapsed time spent in this place.
 B = Non-inter-level travel time spent in this place.
 C = Inter-level travel time spent in this place.
 D = Time resting spent in this place.
 E = Time spent auto-exploring this place.
 F = Levels seen in this place.
 G = Mean time per level.
                   A        B        C        D        E       F      G
               +--------+--------+--------+--------+--------+-----+--------+
         Total |    612 |    586 |     26 |    193 |     20 |   1 |  612.0 |
       Dungeon |    612 |    586 |     26 |    193 |     20 |   1 |  612.0 |
               +--------+--------+--------+--------+--------+-----+--------+

Top non-repeatable levels by time:
       D: 612 daAuts
